AoeStats
← Phoenyks

Arena

506487465Analyzed
3v3 RM · 19d ago on Sep 13, 2026· 44m 18s· 6 players
Game mode
Random Map
Map size
Normal (6 player)
Population
200
Speed
Normal
Resources
Standard
Victory
Conquest
Starting age
Dark Age
Ending age
Imperial Age
RankedLock teamsTeams togetherTeam positionsShared explorationLock speedFull tech treeHidden civsTurbo modeCheats
Victory
Defeat
🇳🇱 Saracens · Netherlands
1211
+13
🇳🇱 Byzantines · Netherlands
1206
+13
🇳🇱 Britons · Netherlands
1123
+15
🇹🇷 Turks · Türkiye
1157
-15
🇮🇹 Bohemians · Italy
1146
-14
🇩🇪 Franks · Germany
1095
-12
Jabberwocky
8:08 Loom
10:11 Feudal Age
10:21 Loom
16:02 Castle Age
14:22 Double-Bit Axe
20:50 Town Watch
24:27 Wheelbarrow
27:18 Bow Saw
31:03 Imperial Age
28:55 Husbandry
29:06 Forging
29:15 Gold Mining
29:45 Stone Mining
30:25 Scale Barding Armor
30:35 Devotion
31:04 Hand Cart
31:48 Iron Casting
31:17 Cavalier
33:29 Scale Mail Armor
34:39 Blast Furnace
34:33 Gold Shaft Mining
34:29 Faith
36:40 Paladin
38:49 Conscription
39:28 Chain Barding Armor
41:54 Plate Barding Armor
41:17 Fletching
Minmaj
10:16 Feudal Age
11:23 Loom
16:08 Castle Age
20:55 Double-Bit Axe
20:54 Horse Collar
21:14 Stone Mining
24:07 Imperial Age
21:42 Heavy Plow
22:27 Bow Saw
22:30 Fletching
22:42 Gold Mining
23:10 Scale Mail Armor
27:34 Bodkin Arrow
27:50 Artillery
30:20 Elite Janissary
36:22 Ballistics
35:44 Treadmill Crane
39:18 Bloodlines
39:52 Husbandry
42:10 Scale Barding Armor
42:06 Bracer
42:16 Forging
44:56 Chain Barding Armor
yangcongze30
10:39 Feudal Age
14:48 Castle Age
12:44 Loom
13:09 Double-Bit Axe
15:39 Bow Saw
16:25 Horse Collar
17:48 Fervor
21:19 Sanctity
21:07 Heavy Plow
23:42 Wheelbarrow
24:57 Hand Cart
28:49 Imperial Age
28:10 Chemistry
27:34 Padded Archer Armor
27:20 Treadmill Crane
27:47 Town Watch
28:20 Masonry
29:16 Town Patrol
30:19 Leather Archer Armor
31:23 Two-Man Saw
30:19 Pikeman
31:33 Squires
31:19 Arson
32:07 Ring Archer Armor
31:37 Scale Mail Armor
31:48 Forging
31:41 Elite Skirmisher
32:17 Fletching
32:33 Houfnice
35:05 Bodkin Arrow
35:26 Chain Mail Armor
35:46 Iron Casting
37:04 Halberdier
37:55 Bracer
40:52 Architecture
40:34 Fortified Wall
40:46 Siege Engineers
41:18 Plate Mail Armor
45:40 Blast Furnace
Phoenyks
10:58 Feudal Age
13:20 Double-Bit Axe
14:22 Loom
15:02 Scale Mail Armor
15:11 Horse Collar
19:59 Castle Age
18:46 Forging
22:39 Sanctity
25:47 Sanctity
26:12 Elite Skirmisher
29:46 Imperial Age
28:03 Pikeman
32:30 Iron Casting
31:21 Elite Skirmisher
32:00 Gold Mining
32:24 Bow Saw
34:11 Chain Mail Armor
33:54 Halberdier
37:33 Block Printing
37:44 Illumination
37:49 Block Printing
37:59 Illumination
39:18 Plate Mail Armor
42:03 Two-Man Saw
43:22 Heavy Plow
MochaMeerkat#292
10:46 Feudal Age
14:52 Castle Age
14:20 Double-Bit Axe
14:18 Horse Collar
15:16 Loom
15:18 Town Watch
16:08 Wheelbarrow
15:55 Bow Saw
27:38 Imperial Age
25:59 Heavy Plow
26:11 Gold Mining
27:22 Scale Barding Armor
27:47 Masonry
27:47 Fortified Wall
28:23 Gold Shaft Mining
27:43 Stone Mining
29:04 Chain Barding Armor
29:50 Chemistry
29:15 Husbandry
29:36 Forging
30:11 Conscription
30:56 Ballistics
30:45 Siege Engineers
31:44 Hand Cart
31:29 Elite Mameluke
32:42 Bloodlines
33:50 Bimaristan
33:12 Onager
34:28 Plate Barding Armor
34:50 Siege Onager
37:40 Counterweights
39:17 Iron Casting
38:32 Fletching
RZNR
10:53 Feudal Age
14:30 Castle Age
16:02 Double-Bit Axe
15:59 Horse Collar
24:07 Bow Saw
24:50 Heavy Plow
26:08 Wheelbarrow
25:38 Fletching
30:32 Imperial Age
28:20 Hand Cart
28:16 Bodkin Arrow
28:13 Loom
28:19 Town Watch
29:23 Padded Archer Armor
29:20 Gold Mining
29:26 Stone Mining
30:05 Ballistics
31:40 Conscription
31:44 Bracer
32:50 Yeomen
32:48 Leather Archer Armor
33:48 Chemistry
34:27 Two-Man Saw
33:29 Town Patrol
33:19 Elite Longbowman
34:58 Ring Archer Armor
38:45 Coinage
40:15 Banking
39:46 Caravan
42:14 Guilds
Connection lost

Rejoining the realm…

Still unreachable

The connection could not be restored.

Session expired

The server has moved on; the page needs a fresh start.